 Dungeon Crawl Stone Soup version 0.22.1 (webtiles) character file.

60 Nyarlathotep the Insei (level 4, -4/28 HPs)
             Began as an Octopode Transmuter on Sept 17, 2018.
             Killed from afar by Natasha (6 damage)
             ... with a magic dart
             ... on level 2 of the Dungeon.
             The game lasted 00:05:21 (1237 turns).

Nyarlathotep the Insei (Octopode Transmuter)        Turns: 1237, Time: 00:05:22

Health: -4/28      AC:  1    Str:  9    XL:     4   Next: 4%
Magic:  1/7        EV: 13    Int: 15    God:    Xom [..*...]
Gold:   64         SH:  0    Dex: 13    Spells: 3/7 levels left

rFire    . . .     SeeInvis .     - Unarmed
rCold    . . .     Gourm    .   (no shield)
rNeg     . . .     Faith    .   (helmet restricted)
rPois    .         Spirit   .   (no amulet)
rElec    .         Reflect  .   (no ring)
rCorr    .         Harm     .   (no ring)
MR       .....                  (no ring)
Stlth    +++.......             (no ring)
HPRegen  0.09/turn              (no ring)
MPRegen  0.10/turn              (no ring)
                                (no ring)
                                (no ring)

@: appendage (expiring), very slightly contaminated, slowed, very slow
A: almost no armour, stealthy swim, amphibious, 8 rings, constrict 8, tentacle
spike 3, camouflage 1, gelatinous body 1
a: End Transformation, Renounce Religion


You were on level 2 of the Dungeon.
You worshipped Xom.
You were a toy of Xom.
You were not hungry.
One of your tentacles had a temporary spike.
You visited 1 branch of the dungeon, and saw 2 of its levels.

You collected 64 gold pieces.

Inventory:

Missiles
 a - 27 arrows
Scrolls
 e - 2 scrolls of fear {unknown}
 f - 2 scrolls of identify {unknown}
 g - a scroll of remove curse {unknown}
 h - a scroll of enchant armour {unknown}
 i - a scroll of teleportation {unknown}
Potions
 b - 2 potions of ambrosia {unknown}
Comestibles
 c - a ration
 d - 7 chunks of flesh


   Skills:
 + Level 1.3 Fighting
 + Level 2.1 Dodging
 + Level 1.7 Stealth
 + Level 3.8 Unarmed Combat
 + Level 2.4 Spellcasting
 + Level 2.2 Transmutations


You had 3 spell levels left.
You knew the following spells:

 Your Spells              Type           Power        Failure   Level  Hunger
a - Beastly Appendage     Tmut           #.....       9%          1    #......
b - Spider Form           Tmut/Pois      #.........   38%         3    ###....

Your spell library contained the following spells:

 Spells                   Type           Power        Failure   Level  Hunger
 Sticks to Snakes         Tmut           #.......     13%         2    ###....
 Ice Form                 Ice/Tmut       #.......     80%         4    #####..
 Blade Hands              Tmut           #.........   93%         5    ######.


Dungeon Overview and Level Annotations

Branches:
Dungeon (2/15)

Altars:
Elyvilon
Xom

Annotations:
D:2 Natasha, Robin


Innate Abilities, Weirdness & Mutations

You cannot wear most types of armour.
You are very stealthy in the water. (Stealth+)
You are amphibious.
You can wear up to eight rings at the same time.
You can use your tentacles to constrict eight enemies at once.
Your skin changes colour to match your surroundings (Stealth+).
Your rubbery body absorbs attacks. (AC +1, EV +1)
One of your tentacles bears a large vicious spike.


Message History

Natasha hisses angrily.
Natasha claws you!
A shower of butterflies erupts from you!
You tentacle-slap Natasha. You grab Natasha.
You pierce Natasha, but do no damage.
Natasha is lightly wounded.
You constrict Natasha, but do no damage.
Natasha growls.
Natasha claws you!
* * * LOW HITPOINT WARNING * * *
You release your grip on Natasha.
Your transformation is almost over.
Natasha casts a spell at you.
You feel yourself slow down. Natasha claws you.
* * * LOW HITPOINT WARNING * * *
Natasha stares at you and mumbles some strange words.
The magic dart hits you!
You die...
Xom thinks this is hilarious!

#.....#.# ##
#.......# .
##.......#.#
#........#.#######
#.....b.....b.....
#.#..>b.........
#......bb.....#
#...b.bb###.#.##
#....##.h.@....#
#####
#..#..>.###+##.#
##.#...........#
#.............#
###...........
#...........
#<#.....###
###.....# #.....#


You could see Natasha.

Vanquished Creatures
  3 adders (D:2)
  A ball python (D:1)
  5 bats
  2 giant cockroaches
  8 goblins
  3 hobgoblins
  3 frilled lizards
  3 kobolds (D:1)
  5 rats
33 creatures vanquished.

Notes
Turn   | Place    | Note
-------+----------+-------------------------------------------
     0 | D:1      | Nyarlathotep the Octopode Transmuter began the quest for
                  | the Orb.
     0 | D:1      | Reached XP level 1. HP: 13/13 MP: 3/3
   263 | D:1      | Reached XP level 2. HP: 13/18 MP: 5/5
   982 | D:2      | Found a white marble altar of Elyvilon.
   987 | D:2      | Became a worshipper of Elyvilon the Healer
   991 | D:2      | Reached skill level 1 in Stealth
   991 | D:2      | Reached XP level 3. HP: 23/23 MP: 4/6
  1003 | D:2      | Learned a level 3 spell: Spider Form
  1066 | D:2      | Reached XP level 4. HP: 14/28 MP: 0/7
  1067 | D:2      | Noticed Robin
  1146 | D:2      | Found a shimmering altar of Xom.
  1154 | D:2      | Fell from the grace of Elyvilon
  1154 | D:2      | Became a worshipper of Xom the Begetter of Turbulence
  1221 | D:2      | Noticed Natasha
  1230 | D:2      | XOM: butterfly on damage
  1237 | D:2      | Killed from afar by Natasha

Skill      XL: |  1  2 |
---------------+-------+-----
Stealth        | 1 |  1.7
Fighting       | |  1.3
Dodging        | |  2.1
Unarmed Combat | |  3.8
Spellcasting   | |  2.4
Transmutations | |  2.2

Action                   |  1- 3 |  4- 6 || total
-------------------------+-------+-------++-------
Melee: Unarmed           |    59 |     8 ||    67
       Tentacles         |    12 |     1 ||    13
       Constrict         |    14 |     4 ||    18
       Kick              |     6 |     1 ||     7
 Cast: Beastly Appendage |    12 |     3 ||    15
 Stab: Sleeping          |     5 |       ||     5
  Eat: Ration            |     1 |       ||     1
       Chunk             |     1 |       ||     1
Armor: Skin              |     4 |       ||     4
Dodge: Dodged            |    35 |     3 ||    38
